 Dungeon Crawl Stone Soup version 0.30.1 (webtiles) character file.

Game seed: 7535848410799171885

174183 GeoRichter the Gelid (level 18, -22/135 HPs)
             Began as an Octopode Transmuter on July 8, 2023.
             Was an Elder of Ashenzari.
             Annihilated by a +0 glaive of distortion (32 damage)
             ... animated by Zenata
             ... on level 3 of the Elven Halls.
             The game lasted 01:17:03 (38560 turns).

GeoRichter the Gelid (Octopode Transmuter)         Turns: 38560, Time: 01:17:04

Health: -22/135    AC:  6    Str:  9    XL:     18   Next: 6%
Magic:  7/34       EV: 23    Int: 32    God:    Ashenzari [****..]
Gold:   1986       SH:  8    Dex: 19    Spells: 23/41 levels left

rFire   + . .        L - staff of cold "Revealing Foul Odours" (curse) {rElec rC+ Int+6 SInv, Self, Alch} (curse)
rCold   + . .        S - +3 buckler {rPois}
rNeg    + + +        y - +1 hat "Share My Suspicion" {Drain Int+8 Dex+3 Stlth+, Alch, Comp} (curse)
rPois   +            M - amulet "Ahimow" {Regen+ Dex+3}
rElec   +            k - ring of Ashenzari's Burden {rN+, Elem, Evo} (curse)
rCorr   +            g - ring of Ashenzari's Gnosis {AC+4, Melee, Evo} (curse)
SInv    +            l - ring "Eternal Inconvenience" {Slay+4, Alch, Evo} (curse)
Will    +....        I - ring of Curses and Power {rN+, Fort, Self} (curse)
Stlth   ++++         H - ring "Circumscribed With Me" {rCorr, Elem, Alch} (curse)
HPRegen 1.22/turn    J - ring of Ashenzari's Discomfort {EV+5, Fort, Alch} (curse)
MPRegen 0.24/turn    O - ring of protection from cold
                     f - ring "Ablod" {Fire rElec rN++ Int-5}

%: clarity
@: lethally poisoned (-22 -> -23), about to teleport
A: almost no armour, amphibious, 8 rings, camouflage 1, gelatinous body 1,
(nimble swimmer 1), tentacles
a: Renounce Religion, Curse Item, Shatter the Chains


You were on level 3 of the Elven Halls.
You worshipped Ashenzari.
Ashenzari was greatly pleased with you.
You visited 6 branches of the dungeon, and saw 28 of its levels.
You also visited: Ice Cave and Desolation.

You collected 2881 gold pieces.
You spent 895 gold pieces at shops.

Inventory:

Missiles
 u - a throwing net {!f}
Armour
 y - the cursed +1 hat "Share My Suspicion" (worn) {Drain Int+8 Dex+3 Stlth+, Alch, Comp}
   (You acquired it on level 7 of the Dungeon)

   Int:       It affects your intelligence (+8).
   Dex:       It affects your dexterity (+3).
   Drain:     It drains your maximum health when unequipped.
   Stlth:     It makes you more stealthy.
   It has a curse which improves the following skills: Alchemy: Poison Magic and
   Transmutations.
   Companions: Summonings and Necromancy.
 S - a +3 buckler of poison resistance (worn)
   (You found it in the Desolation of Salt)
Magical Staves
 L - the cursed staff of cold "Revealing Foul Odours" (weapon) {rElec rC+ Int+6 SInv, Self, Alch}
   (You acquired it on level 2 of the Orcish Mines)

   [staff of cold]

   Base accuracy: +5 Base damage: 5 Base attack delay: 1.2 This weapon's minimum
   attack delay (0.6) is reached at skill level 12.
   Int:       It affects your intelligence (+6).
   rC:        It protects you from cold.
   rElec:     It insulates you from electricity.
   SInv:      It lets you see invisible.
   It falls into the 'Staves' category.
   It is a one-tentacled weapon.
   It has a curse which improves the following skills: Introspection: Fighting
   and Spellcasting.
   Alchemy:   Poison Magic and Transmutations.
Jewellery
 f - the ring "Ablod" (on tentacle) {Fire rElec rN++ Int-5}
   (You found it in the Desolation of Salt)

   [ring of fire]

   It enhances your fire magic.
   Int:       It affects your intelligence (-5).
   rF:        It protects you from fire.
   rC:        It makes you vulnerable to cold.
   rElec:     It insulates you from electricity.
   rN:        It greatly protects you from negative energy.
 g - the cursed ring of Ashenzari's Gnosis (right tentacle) {AC+4, Melee, Evo}
   (You took it off a goblin on level 1 of the Dungeon)

   [ring of protection]

   AC:        It affects your AC (+4).
   It has a curse which improves the following skills: Melee Combat: Short
   Blades, Long Blades, Axes, Maces & Flails, Polearms, Staves and Unarmed
   Combat.
   Evocations: Evocations.
 k - the cursed ring of Ashenzari's Burden (left tentacle) {rN+, Elem, Evo}
   (You found it on level 2 of the Dungeon)

   [ring of positive energy]

   rN:        It protects you from negative energy.
   It has a curse which improves the following skills: Elements: Fire Magic, Ice
   Magic, Air Magic and Earth Magic.
   Evocations: Evocations.
 l - the cursed ring "Eternal Inconvenience" (on tentacle) {Slay+4, Alch, Evo}
   (You found it on level 2 of the Dungeon)

   [ring of slaying]

   Slay:      It affects your accuracy & damage with ranged weapons and melee
   (+4).
   It has a curse which improves the following skills: Alchemy: Poison Magic and
   Transmutations.
   Evocations: Evocations.
 H - the cursed ring "Circumscribed With Me" (on tentacle) {rCorr, Elem, Alch}
   (You took it off a necromancer on level 5 of the Lair of Beasts)

   [ring of resist corrosion]

   rCorr:     It protects you from acid and corrosion.
   It has a curse which improves the following skills: Elements: Fire Magic, Ice
   Magic, Air Magic and Earth Magic.
   Alchemy:   Poison Magic and Transmutations.
 I - the cursed ring of Curses and Power (on tentacle) {rN+, Fort, Self}
   (You found it on level 3 of the Lair of Beasts)

   [ring of positive energy]

   rN:        It protects you from negative energy.
   It has a curse which improves the following skills: Fortitude: Shields.
   Introspection: Fighting and Spellcasting.
 J - the cursed ring of Ashenzari's Discomfort (on tentacle) {EV+5, Fort, Alch}
   (You found it on level 1 of the Spider Nest)

   [ring of evasion]

   EV:        It affects your evasion (+5).
   It has a curse which improves the following skills: Fortitude: Shields.
   Alchemy:   Poison Magic and Transmutations.
 M - the amulet "Ahimow" (around mantle) {Regen+ Dex+3}
   (You found it in the Desolation of Salt)

   [amulet of regeneration]

   Dex:       It affects your dexterity (+3).
   Regen:     It increases your rate of health regeneration.
 O - a ring of protection from cold (on tentacle)
   (You found it on level 1 of the Spider Nest)
 P - the ring "Didiesa" {Fly rF- rN++ Will+ SInv}
   (You found it in the Desolation of Salt)

   [ring of willpower]

   rF:        It makes you vulnerable to fire.
   rN:        It greatly protects you from negative energy.
   SInv:      It lets you see invisible.
   Fly:       It grants you flight.
   Will:      It increases your willpower.
Wands
 C - a wand of flame (13) (quivered)
   (You found it on level 6 of the Dungeon)
 D - a wand of mindburst (18)
   (You found it on level 7 of the Dungeon)
 E - a wand of digging (10)
   (You found it on level 3 of the Spider Nest)
 K - a wand of roots (2)
   (You found it on level 12 of the Dungeon)
 N - a wand of paralysis (11)
   (You found it on level 2 of the Elven Halls)
 T - a wand of quicksilver (6)
   (You found it on level 3 of the Elven Halls)
Scrolls
 b - 2 scrolls of enchant armour
 c - 6 scrolls of fog
 h - 7 scrolls of vulnerability {!r}
 j - 2 scrolls of immolation {!r}
 m - 6 scrolls of magic mapping
 p - 2 scrolls of enchant weapon
 r - 5 scrolls of poison {!r}
 t - 5 scrolls of teleportation {@r4}
 v - a scroll of torment {!r}
 x - 6 scrolls of amnesia
 G - 2 scrolls of brand weapon
 R - a scroll of silence
Potions
 a - 6 potions of lignification {!q}
 d - 3 potions of might
 e - 6 potions of berserk rage
 i - 8 potions of attraction {!q}
 n - 3 potions of brilliance
 o - a potion of magic
 q - a potion of haste {@q3}
 s - 3 potions of cancellation
 w - 6 potions of curing {@q1}
 z - 5 potions of flight
 B - 4 potions of mutation {!q}
 F - a potion of invisibility
Miscellaneous
 A - a lightning rod (4/4) {!a}
   (You found it on level 2 of the Lair of Beasts)
 Q - a box of beasts (inert)
   (You found it on level 2 of the Spider Nest)


   Skills:
 + Level 13.3(15.9) Fighting
 + Level 8.9 Dodging
 - Level 1.7(3.6) Shields
 - Level 15.7(17.4) Unarmed Combat
 - Level 9.4(12.1) Spellcasting
 - Level 3.3(5.0) Necromancy
 - Level 11.8(16.9) Transmutations
 - Level 18.1(20.6) Ice Magic
 - Level 1.7(4.2) Evocations


You had 23 spell levels left.
You knew the following spells:

 Your Spells              Type           Power      Damage    Failure   Level
a - Beastly Appendage     Tmut           100%       N/A       0%          1
b - Wereblood             Tmut           91%        N/A       0%          2
c - Ice Form              Ice/Tmut       100%       N/A       0%          4
d - Ozocubu's Refrigerat  Ice            61%        4d21      1%          7
e - Summon Ice Beast      Ice/Summ       92%        N/A       1%          4

Your spell library contained the following spells:

 Spells                   Type           Power      Damage    Failure   Level
 Frozen Ramparts          Ice            100%       1d16      0%          3
 Ozocubu's Armour         Ice            100%       N/A       0%          3
 Ensorcelled Hibernation  Hex/Ice        100%       N/A       1%          2
 Passwall                 Tmut/Erth      54%        N/A       1%          2
 Sublimation of Blood     Necr           51%        N/A       1%          2
 Hailstorm                Conj/Ice       91%        3d18      1%          3
 Spider Form              Tmut/Pois      66%        N/A       1%          3
 Blade Hands              Tmut           45%        N/A       1%          5
 Metabolic Englaciation   Hex/Ice        45%        N/A       1%          5
 Simulacrum               Ice/Necr       50%        N/A       2%          6
 Foxfire                  Conj/Fire      100%       2x1d9     3%          1
 Magic Dart               Conj           76%        1d6       3%          1
 Sandblast                Erth           42%        2d11      3%          1
 Shock                    Conj/Air       80%        1d8       3%          1
 Poisonous Vapours        Pois/Air       46%        N/A       4%          2
 Animate Dead             Necr           51%        N/A       4%          4
 Stone Arrow              Conj/Erth      40%        3d9       10%         3
 Swiftness                Air            21%        N/A       10%         3
 Volatile Blastmotes      Fire/Tloc      60%        2d15      10%         3
 Portal Projectile        Hex/Tloc       38%        N/A       11%         3
 Tukima's Dance           Hex            19%        N/A       11%         3
 Agony                    Necr           51%        N/A       13%         5
 Airstrike                Air            10%        2d(2-18)  30%         4
 Leda's Liquefaction      Hex/Erth       10%        N/A       32%         4
 Fulminant Prism          Conj/Hex       9%         3d7       34%         4
 Iskenderun's Mystic Bla  Conj/Tloc      19%        2d6       34%         4
 Lee's Rapid Deconstruct  Erth           10%        3d8*      65%         5
 Fireball                 Conj/Fire      15%        3d8       67%         5
 Conjure Ball Lightning   Conj/Air       10%        3x3d6     99%         6
 Plasma Beam              Fire/Air       16%        2x1d30    99%         6
 Starburst                Conj/Fire      15%        6d6       99%         6
 Orb of Destruction       Conj           9%         9d6       100%        7
 Summon Hydra             Summ           10%        N/A       100%        7
 Borgnjor's Revivificati  Necr           25%        N/A       100%        8
 Lehudib's Crystal Spear  Conj/Erth      10%        10d4      100%        8
 Fire Storm               Conj/Fire      15%        8d4       100%        9
 Animate Armour           Summ/Erth      Unusable   N/A       N/A         4

Dungeon Overview and Level Annotations

Branches:
Dungeon (14/15) Zot: 25689  Temple (1/1) D:6 Zot: 5781    Lair (5/5) D:10 Zot: 21256
 Shoals (0/4) Lair:3       Spider (3/4) Lair:3 Zot: 11364   Slime (0/5) Lair:4
    Orc (2/2) D:12 Zot: 9967     Elf (3/3) Orc:2 Zot: 14567  Vaults (0/5) D:14
  IceCv (visited)         Desolation (visited)

Altars:
Ashenzari
Cheibriados
Dithmenos
Elyvilon
Fedhas
Gozag
Hepliaklqana
Kikubaaqudgha
Makhleb
Nemelex Xobeh
Okawaru
Qazlal
Ru
Sif Muna
Trog
Uskayaw
Vehumet
Wu Jian
Xom
Yredelemnul
Zin
The Shining One
Jiyva

Shops:
D:2 *   D:6 (   D:10 ?   Orc:2 =(*[   Elf:1 :   Elf:3 *

Portals:
Abyss: D:3

Annotations:
D:3 2 transporters, dondy's ghost, amateur DsGl
D:5 2 transporters, aloneDruid's ghost, amateur DgFi
Lair:5 exclusion: obsidian statue
Elf:2 3 runed translucent doors
Elf:3 exclusion: 2 doors, Zenata


Innate Abilities, Weirdness & Mutations

You cannot wear most types of armour.
You are amphibious.
You can wear up to eight rings at the same time.
Your skin changes colour to match your surroundings (Stealth+).
Your rubbery body absorbs attacks. (AC +1, EV +1)
((You are camouflaged when in or above water. (Stealth+)))
You have tentacles for arms and can constrict up to eight enemies at once.


Message History

The deep elf knight is severely wounded.
The deep elf zephyrmancer is severely wounded.
The deep elf zephyrmancer is moderately wounded.
The deep elf pyromancer is heavily wounded.
The deep elf pyromancer mumbles some strange words.
The deep elf pyromancer blinks!
The deep elf knight hits you with a +2 short sword of venom!
You are poisoned.
Zenata casts a spell at you.
A blast of power from the earth strikes you!
Casting: Ozocubu's Refrigeration (dangerous; 1% risk of failure)
Confirm with . or Enter, or press ? or * to list all spells.
You feel a surge of power!
The heat is drained from your surroundings.
Zenata is moderately wounded.
The +1 long sword of electrocution resists.
The +1 long sword of electrocution is severely damaged.
You kill the deep elf knight!
You kill the deep elf zephyrmancer!
The deep elf zephyrmancer is severely wounded.
You kill the deep elf pyromancer!
You feel very sick.
Casting: Ozocubu's Refrigeration (dangerous; 1% risk of failure)
Confirm with . or Enter, or press ? or * to list all spells.
You feel a surge of power!
The heat is drained from your surroundings.
Zenata is moderately wounded.
The +1 long sword of electrocution resists.
The +1 long sword of electrocution is almost destroyed.
You kill the deep elf zephyrmancer!
You feel very sick.
Casting: Ozocubu's Refrigeration (dangerous; 1% risk of failure)
Confirm with . or Enter, or press ? or * to list all spells.
You feel a surge of power!
The heat is drained from your surroundings.
Zenata is heavily wounded.
The +1 long sword of electrocution resists.
The +1 long sword of electrocution falls from the air.
You feel very sick.
Zenata sends weapons flying into battle!
You feel sick.
Zenata points at you and mumbles some strange words.
A blast of power from the earth strikes you!
* * * LOW HITPOINT WARNING * * *
As you read the scroll of teleportation {@r4}, it crumbles to dust.
You feel strangely unstable.
You feel sick. Zenata casts a spell at you.
A blast of power from the earth strikes you!
* * * LOW HITPOINT WARNING * * *
The +0 glaive of distortion hits you from afar!!
You die...

###'####.............#
#.....####...........#
#.....####...........#
......'..'...........#
.#...######.........##
###.## ##'.......## #
#.# ##.##.....## ###
##.######'## ##.## #@#
# ##.## ***#'#*** ###
##.## #...(...#
..###.## *#).((...#*
....'## #.........#
......#**
*#.........#*
........#
#....a).....#
......###
#...........# )...###
#...........#


You could see Zenata and 3 dancing weapons.

Vanquished Creatures
  Arachne (Spider:3)
  2 imperial myrmidons (Desolation)
  4 ghost moths
  A broodmother (Spider:3)
  A stone giant (Orc:2)
  A halazid warlock (Desolation)
  4 dire elephants (Lair:5)
  A deep elf annihilator (Elf:1)
  3 ettins (Orc:2)
  A crystal guardian (Desolation)
  5 entropy weavers
  2 ragged hierophants (Desolation)
  A vault guard (D:14)
  5 peacekeepers
  8 servants of whispers (Desolation)
  Erolcha (D:9)
  2 centaur warriors (D:14)
  A hydra (Lair:5)
  Erica (D:11)
  9 boulder beetles
  A radroach (Spider:1)
  3 two-headed ogres
  11 dancing weapons
  3 tengu warriors (D:13)
  6 death yaks (Lair:2)
  An orc high priest (Orc:1)
  Sonja (D:10)
  8 deep elf knights
  A skyshark (Lair:5)
  A spectral anaconda (Lair:5)
  5 pharaoh ants
  6 orb spiders
  2 steelbarb worms (Spider:3)
  6 deep elf archers
  17 deep elf zephyrmancers
  6 necromancers
  2 ironbound convokers (Desolation)
  20 deep elf pyromancers
  5 manticores
  11 wolf spiders
  12 ugly things
  11 cyclopes
  4 merfolk sirens (Lair:3)
  A moth of wrath (Spider:2)
  3 guardian serpents (Desolation)
  11 elephants
  5 black mambas
  Maurice (D:10)
  A guardian serpent (shapeshifter) (Elf:2)
  2 dire elephant zombies (Lair:5)
  A gargoyle (D:13)
  12 demonic crawlers
  10 cane toads
  5 torpor snails
  An unseen horror (D:10)
  A yaktaur (shapeshifter) (Elf:1)
  A rime drake (shapeshifter) (Elf:1)
  5 rime drakes
  An efreet (D:13)
  11 komodo dragons
  4 kobold demonologists
  A tengu conjurer (D:13)
  A queen bee (shapeshifter) (Elf:2)
  4 polar bears
  A meliai (shapeshifter) (Elf:1)
  2 trolls
  A hornet (shapeshifter) (Elf:1)
  10 tarantellas
  39 blink frogs
  3 spectral elephants (Lair:5)
  4 dream sheep (Lair:3)
  37 saltlings (Desolation)
  16 jumping spiders
  15 slime creatures
  A vampire (D:12)
  A shadow (D:10)
  A centaur simulacrum (D:14)
  2 air elementals (Elf:2)
  22 yaks
  9 culicivoras
  7 wyverns
  An ettin skeleton (Orc:1)
  Grum (D:11)
  2 water elementals
  5 basilisks
  3 steam dragons
  10 humans (D:14)
  3 death yak simulacra (Lair:5)
  10 vampire mosquitoes
  31 redbacks
  2 wargs
  A spectral cane toad (Lair:5)
  An acid dragon (D:10)
  14 water moccasins
  An elf zombie (Elf:1)
  13 orc warriors
  2 sky beasts (D:6)
  An elephant zombie (Lair:5)
  7 ogres
  A black bear (D:4)
  18 wolves
  2 centaurs
  2 phantoms
  3 kobold brigands
  14 bullfrogs
  2 earth elementals (Elf:1)
  5 gnoll sergeants
  A cyclops zombie (Orc:1)
  4 scorpions
  2 cane toad simulacra (Lair:5)
  2 cyclops skeletons (Orc:1)
  10 wights
  2 elephant simulacra (Lair:5)
  4 killer bees
  4 howler monkeys
  An electric eel (Elf:3)
  A crimson imp (D:3)
  13 orc priests
  6 hounds
  2 jellies
  A cyclops simulacrum (Orc:1)
  2 gnoll boudas (D:6)
  4 iguanas
  6 sleepcaps
  12 orc wizards
  An ogre skeleton (Orc:1)
  27 gnolls
  9 adders
  A shadow imp (D:7)
  3 white imps
  An orc simulacrum (Orc:1)
  3 worms (D:2)
  A dart slug (D:4)
  53 orcs
  12 ball pythons
  7 bats
  7 endoplasms
  7 giant cockroaches
  12 hobgoblins
  11 jackals
  3 quokkas
  3 frilled lizards (D:1)
  7 goblins
  2 goblin skeletons (D:3)
  4 hobgoblin zombies (D:3)
  20 kobolds
  A kobold skeleton (D:3)
  4 orc skeletons
  3 orc zombies
  2 rats
886 creatures vanquished.

Vanquished Creatures (collateral kills)
  An imperial myrmidon (Desolation)
  A wraith (D:11)
  A wolf (D:11)
3 creatures vanquished.

Vanquished Creatures (others)
  A human (D:14)
1 creature vanquished.

Grand Total: 890 creatures vanquished

Notes
Turn   | Place    | Note
-------+----------+-------------------------------------------
     0 | D:1      | GeoRichter the Octopode Transmuter began the quest for the
                  | Orb.
     0 | D:1      | Reached XP level 1. HP: 13/13 MP: 3/3
   108 | D:1      | Reached XP level 2. HP: 16/18 MP: 3/5
   327 | D:1      | Reached XP level 3. HP: 23/23 MP: 4/6
   705 | D:2      | Learned a level 2 spell: Wereblood
   862 | D:2      | Reached XP level 4. HP: 16/28 MP: 5/7
   967 | D:2      | Found Yblaoph's General Store.
   971 | D:2      | Bought a scroll of identify for 24 gold pieces
  1400 | D:3      | Noticed a small abomination
  1400 | D:3      | Noticed dondy's ghost (amateur DsGl)
  1407 | D:3      | Noticed a small abomination
  1410 | D:3      | Found a transporter.
  1447 | D:3      | Found a transporter.
  1495 | D:3      | Found a sacrificial altar of Ru.
  1553 | D:3      | Reached skill level 5 in Unarmed Combat
  1559 | D:3      | Found a snail-covered altar of Cheibriados.
  1770 | D:3      | Found a faded altar of an unknown god.
  1995 | D:4      | Found a blossoming altar of Fedhas.
  2032 | D:4      | Reached XP level 5. HP: 33/33 MP: 4/8
  2180 | D:4      | Found an ancient bone altar of Kikubaaqudgha.
  2208 | D:4      | Reached XP level 6. HP: 32/38 MP: 7/9
  2544 | D:3      | Found a glowing golden altar of the Shining One.
  2791 | D:3      | Found a one-way gate to the infinite horrors of the Abyss.
  2923 | D:3      | Noticed a water moccasin
  2928 | D:3      | Killed a water moccasin
  2929 | D:3      | Reached XP level 7. HP: 43/43 MP: 8/10
  3026 | D:3      | Learned a level 4 spell: Ice Form
  3267 | D:4      | Reached skill level 5 in Transmutations
  3699 | D:5      | Entered Level 5 of the Dungeon
  3706 | D:5      | Reached XP level 8. HP: 48/48 MP: 9/11
  3798 | D:5      | Noticed aloneDruid's ghost (amateur DgFi)
  3818 | D:5      | Found a transporter.
  3823 | D:5      | Found a transporter.
  4086 | D:5      | Found a stormy altar of Qazlal.
  4137 | D:5      | Found a burning altar of Makhleb.
  4954 | D:6      | Found a staircase to the Ecumenical Temple.
  4964 | Temple   | Entered the Ecumenical Temple
  5159 | Temple   | Became a worshipper of Ashenzari the Shackled
  5248 | D:6      | Reached XP level 9. HP: 46/53 MP: 10/12
  5276 | D:6      | Reached skill level 10 in Transmutations
  5485 | D:6      | Found a sparkling altar of Nemelex Xobeh.
  5953 | D:6      | Found an opulent altar of Gozag.
  5996 | D:6      | Found Gyet's Weapon Shop.
  6290 | D:7      | Reached skill level 1 in Ice Magic
  6450 | D:7      | Reached skill level 2 in Ice Magic
  6714 | D:7      | Reached XP level 10. HP: 58/58 MP: 11/14
  6797 | D:7      | Reached * piety under Ashenzari
  6797 | D:7      | Identified a scroll of acquirement
  6800 | D:7      | Acquired the +1 hat "Exennitso" {Drain Int+8 Dex+3 Stlth+}
  7043 | D:8      | Reached skill level 3 in Ice Magic
  7076 | D:8      | Found a shimmering altar of Xom.
  7159 | D:8      | Reached skill level 4 in Ice Magic
  8053 | D:9      | Reached skill level 5 in Ice Magic
  8451 | D:9      | Found a bloodstained altar of Trog.
  8545 | D:9      | Noticed Erolcha
  8557 | D:9      | Killed Erolcha
  8558 | D:9      | Reached skill level 5 in Spellcasting
  8794 | D:9      | Reached XP level 11. HP: 67/67 MP: 13/18
  9147 | D:10     | Entered Level 10 of the Dungeon
  9234 | D:10     | Found Ufug's Magic Scroll Shoppe.
  9237 | D:10     | Bought a scroll of teleportation for 39 gold pieces
  9258 | D:10     | Noticed Sonja
  9277 | D:10     | Killed Sonja
  9417 | D:10     | Found a staircase to the Lair.
  9681 | D:10     | Noticed Maurice
  9689 | D:10     | Killed Maurice
  9737 | D:10     | Reached ** piety under Ashenzari
  9994 | D:10     | Found a transporter.
 10077 | D:10     | Found a transporter.
 10339 | D:11     | Noticed a cyclops
 10340 | D:11     | Noticed a two-headed ogre
 10474 | Lair:1   | Entered Level 1 of the Lair of Beasts
 10515 | Lair:1   | Noticed a boulder beetle
 10532 | Lair:1   | Reached skill level 5 in Fighting
 10532 | Lair:1   | Reached skill level 10 in Unarmed Combat
 10812 | D:10     | Killed a boulder beetle
 11141 | Lair:1   | Reached skill level 5 in Dodging
 11161 | Lair:1   | Reached XP level 12. HP: 59/79 MP: 14/19
 12122 | Lair:2   | Noticed a boulder beetle
 12151 | Lair:2   | Noticed a death yak
 12151 | Lair:2   | Noticed a death yak
 12152 | Lair:2   | Noticed a death yak
 12154 | Lair:2   | Noticed a death yak
 12155 | Lair:2   | Noticed a death yak
 12155 | Lair:2   | Noticed a death yak
 12355 | Lair:2   | Killed a death yak
 12359 | Lair:2   | Killed a death yak
 12375 | Lair:2   | Killed a death yak
 12382 | Lair:2   | Killed a death yak
 12388 | Lair:2   | Killed a death yak
 12394 | Lair:2   | Killed a death yak
 12875 | Lair:2   | Killed a boulder beetle
 13474 | Lair:2   | Reached XP level 13. HP: 88/88 MP: 14/20
 14351 | Lair:3   | Found a hole to the Spider Nest.
 14847 | Lair:3   | Found a staircase to the Shoals.
 15764 | Lair:4   | Identified the +0 plate armour "Hafopiw" {-Tele rC+ rCorr}
 16073 | Lair:4   | You fall into a shaft and drop 1 floor!
 16073 | Lair:5   | Entered Level 5 of the Lair of Beasts
 16293 | Lair:4   | Found a viscous altar of Jiyva.
 16293 | Lair:4   | Found a staircase to the Slime Pits.
 17344 | Lair:5   | Reached skill level 6 in Ice Magic
 17567 | Lair:5   | Reached skill level 10 in Fighting
 17656 | Lair:5   | Reached XP level 14. HP: 101/101 MP: 22/24
 17794 | Lair:5   | Identified the +0 scale mail of Hadjma {Rampage}
 17827 | Lair:5   | Reached skill level 7 in Ice Magic
 18165 | Lair:5   | Noticed a dire elephant
 18165 | Lair:5   | Noticed a dire elephant
 18165 | Lair:5   | Noticed a dire elephant
 18360 | Lair:5   | Killed a dire elephant
 18379 | Lair:5   | Killed a dire elephant
 18406 | Lair:5   | Killed a dire elephant
 18650 | Lair:5   | Reached skill level 8 in Ice Magic
 18782 | Lair:5   | Noticed a dire elephant
 18812 | Lair:5   | Killed a dire elephant
 19705 | D:10     | Learned a level 7 spell: Ozocubu's Refrigeration
 19724 | D:11     | Noticed Erica
 19904 | D:10     | Reached *** piety under Ashenzari
 19920 | D:11     | Killed Erica
 19921 | D:11     | Reached skill level 9 in Ice Magic
 20104 | D:11     | Noticed Grum
 20112 | D:11     | Learned a level 4 spell: Summon Ice Beast
 20130 | D:11     | Killed Grum
 20631 | D:11     | You fall into a shaft and drop 2 floors!
 20995 | D:12     | Found a staircase to the Orcish Mines.
 21317 | D:12     | Reached skill level 10 in Ice Magic
 21939 | Orc:1    | Entered Level 1 of the Orcish Mines
 22449 | Orc:2    | Entered Level 2 of the Orcish Mines
 22747 | Orc:2    | Found a staircase to the Elven Halls.
 22747 | Orc:2    | Found Qazios's General Store.
 22749 | Orc:2    | Noticed a stone giant
 22813 | Orc:2    | Reached XP level 15. HP: 84/108 MP: 28/28
 22975 | Orc:2    | Reached skill level 11 in Ice Magic
 23107 | Orc:2    | Bought a scroll of acquirement for 832 gold pieces
 23107 | Orc:2    | Acquired the staff of cold "Amicag" {rElec rC+ Int+6 SInv}
 23171 | Orc:2    | Found Baaqorhi's Antique Weapon Shoppe.
 23336 | Orc:2    | Found Ecebapt's Jewellery Emporium.
 23517 | Orc:2    | Found Wehuan's Antique Armour Emporium.
 23600 | Orc:2    | Reached **** piety under Ashenzari
 24150 | D:13     | Reached skill level 12 in Ice Magic
 24792 | D:13     | Found a sacrificial altar of Ru.
 24899 | D:13     | Identified the Guide on Ceraunoscopy
 25227 | D:14     | Reached skill level 1 in Shields
 25271 | D:14     | Found a frozen archway.
 25373 | D:14     | Reached skill level 13 in Ice Magic
 25384 | IceCv    | Entered an ice cave
 26372 | D:14     | Reached skill level 1 in Evocations
 26421 | D:14     | Found a gate to the Vaults.
 26703 | Spider:1 | Entered Level 1 of the Spider Nest
 28161 | Spider:1 | Reached XP level 16. HP: 117/117 MP: 31/31
 28292 | Spider:1 | Reached skill level 15 in Unarmed Combat
 30216 | Spider:2 | Found the +4 skin of Zhor {*Englaciate rC+++ SInv}
 30847 | Spider:3 | Noticed Arachne
 30865 | Spider:3 | Killed Arachne
 31147 | Spider:3 | Identified the Parchment of the Mortuary
 31406 | Spider:3 | Reached skill level 1 in Necromancy
 31759 | Spider:3 | Reached skill level 14 in Ice Magic
 32821 | Spider:3 | Learned a level 4 spell: Animate Dead
 33618 | Elf:1    | Entered Level 1 of the Elven Halls
 34305 | Elf:1    | Found Zaenn's Vocational Training.
 34389 | Elf:1    | Reached skill level 15 in Ice Magic
 34429 | Elf:1    | Reached XP level 17. HP: 120/126 MP: 32/32
 34621 | Elf:1    | Identified the +4 long sword "Dragon's Tongue" {protect,
                  | rN+}
 34935 | Elf:1    | Identified Vehumet's Folio of Damage
 35027 | Elf:1    | Reached ***** piety under Ashenzari
 35436 | Elf:1    | Reached skill level 16 in Ice Magic
 35631 | Elf:2    | Paralysed by an air elemental for 1 turns
 35684 | Elf:2    | Found a crumbling gateway.
 35775 | Desolati | Entered the Desolation of Salt
 35818 | Desolati | HP: 3/151 [crystal guardian (35)]
 36253 | Desolati | Reached skill level 17 in Ice Magic
 36457 | Desolati | Identified the +1 robe "Xeciygugg" {Harm Str+2}
 36457 | Desolati | Identified the ring "Didiesa" {Fly rF- rN++ Will+ SInv}
 36457 | Desolati | Identified the +1 dagger of Blood {heavy, rN+ Will+}
 36930 | Desolati | Reached skill level 18 in Ice Magic
 37020 | Desolati | Identified the Essays on Execration and the Mortuary
 37021 | Desolati | Identified Ereshkigal's Precepts of Grim Assaults
 37022 | Desolati | Identified the amulet "Ahimow" {Regen+ Dex+3}
 37022 | Desolati | Identified the +0 robe of Ynwutir {Int+2 Dex+3}
 37088 | Desolati | Identified the ring "Ablod" {Fire rElec rN++ Int-5}
 37089 | Desolati | Identified the +9 lajatang of the Trees {spect, rPois}
 37115 | Desolati | Identified the +3 spear of the Charmed God {freeze, Will+
                  | Dex+4}
 37875 | Elf:2    | Found a runed translucent gate.
 37876 | Elf:2    | Found a runed translucent gate.
 37876 | Elf:2    | Found a runed translucent gate.
 38069 | Elf:2    | Reached XP level 18. HP: 135/135 MP: 13/34
 38186 | Elf:2    | Paralysed by an air elemental for 1 turns
 38326 | Elf:3    | Entered Level 3 of the Elven Halls
 38377 | Elf:3    | Found Yrruehutue's General Store.
 38554 | Elf:3    | Noticed Zenata
 38560 | Elf:3    | Annihilated by a +0 glaive of distortion

Illustrated notes

Levels and vault maps discovered:
D:1:      mrwooster_arrival_statue, layout_basic
D:2:      layout_loops_cross, serial_shops, shop
D:3:      layout_basic, nicolae_tso_besieged_by_evil,
          mainiacjoe_overflow_tiny_flanked, mainiacjoe_overflow_alcove_2,
          gammafunk_ghost_abyssal_escape,
          hellmonk_ecumenical_altar_inner_sanctum
D:4:      cheibrodos_barr_body, layout_cave_pools, mainiacjoe_overflow_alcove_1,
          kennysheep_mini_moat, kennysheep_nub, saegor_snake_ambush
D:5:      layout_cave_pods, mainiacjoe_overflow_catwalk,
          makhleb_heckhound_becter, gammafunk_ghost_hive
D:6:      layout_cave_pools, nicolae_gozag_seed_capital,
          nemelex_spade_bored_becter, temple_fountains, serial_gnoll_camp,
          gnoll_camp_mini_shop, gnoll_camp_mini_hut, gnoll_camp_mini_hut,
          gnoll_camp_huts_basic, gnoll_camp_mini_loothouse,
          gnoll_camp_mini_doghouse
D:7:      layout_rooms
D:8:      wander_river, layout_basic, mainiacjoe_overflow_24_doors
D:9:      layout_cave_pools, mainiacjoe_overflow_concentric_impassable,
          minmay_misc_feat_columns, uniq_erolcha
D:10:     layout_rooms, david_lair_generic, serial_shops,
          nicolae_shop_real_fake_doors, nicolae_diode_stairs, uniq_sonja,
          uniq_maurice
D:11:     layout_basic, uniq_erica, uniq_grum
D:12:     layout_cave_pools, david_orc_3
D:13:     layout_loops_ring, nicolae_ru_awakened_eye
D:14:     layout_roguey, ximxim_vaults_locker_room,
          portal_ice_cave_entry_ugly_swarm, minmay_staircase_statues_hall_small
Temple:   grunt_temple_mini_profane
Lair:1:   layout_cave_pods, patterned_corridor
Lair:2:   layout_cave_pods, infiniplex_staircase_pool_2, grunt_megastairs_4,
          serial_bayou_shore_a
Lair:3:   layout_cave_pods, elwin_shoals_entry_stream, spider_nest_entry_rubble
Lair:4:   layout_cave_pods, slime_entry_1, wad_woods_road_03,
          nicolae_quartered_pool_little
Lair:5:   due_jungle_book, layout_cave_pods, lemuel_fruit_fields
Spider:1: layout_cave_pods
Spider:2: layout_spider_delve, worms_lemuel
Spider:3: layout_chambers, nicolae_spider_wall_of_niches,
          hangedman_spider_tarantella_strand, uniq_arachne
Orc:1:    dreamdust_under_siege, layout_caves
Orc:2:    grunt_orc_gardens, layout_caves, grunt_orc_garden, grunt_orc_garden,
          grunt_orc_garden, grunt_orc_garden
Elf:1:    layout_onion_city, minmay_elf_annihilation, hex_medium,
          nicolae_shop_vocational
Elf:2:    nicolae_elf_blades_crystal_corner, layout_geoelf_diagonals,
          portal_desolation_entry_twin_temple
Elf:3:    minmay_elf_hall, layout_geoelf_castle, serial_shops,
          nicolae_shop_just_a_little_nook, palyth_stone_intersect,
          minmay_shop_grove, uniq_louise, uniq_roxanne, uniq_zenata

Skill      XL: |  1  2  3  4  5  6  7  8  9 10 11 12 13 14 15 16 17 |
---------------+----------------------------------------------------+-----
Unarmed Combat | 4 5 6 7 8 11 13 14 15 | 15.7
Transmutations | 3 6 9 11 | 11.8
Ice Magic      | 2 5 6 10 13 15 18 | 18.1
Spellcasting   | 5 8 9 |  9.4
Fighting       | 3 6 8 10 11 12 13 | 13.3
Dodging        | 5 7 8 |  8.9
Shields        | 1 |  1.7
Evocations     | 1 |  1.7
Necromancy     | 3 |  3.3

Action                     |  1- 3 |  4- 6 |  7- 9 | 10-12 | 13-15 | 16-18 || total
---------------------------+-------+-------+-------+-------+-------+-------++-------
  Melee: Unarmed           |    78 |    87 |   233 |   441 |   904 |   569 ||  2312
         Constrict         |    25 |    25 |    75 |       |     7 |    12 ||   144
         Tentacles         |    16 |    11 |    65 |     1 |    11 |    22 ||   126
         Kick              |    23 |    26 |   106 |       |     3 |     8 ||   166
         Punch             |       |     4 |    10 |     1 |     8 |     5 ||    28
         Staff             |       |       |       |       |    15 |    52 ||    67
  Throw: Dart              |       |    10 |    54 |    18 |     4 |       ||    86
   Cast: Beastly Appendage |    22 |    22 |    39 |     1 |     3 |     2 ||    89
         Wereblood         |       |     3 |    10 |    14 |    20 |     6 ||    53
         Ice Form          |       |       |       |    38 |    84 |    50 ||   172
         Summon Ice Beast  |       |       |       |       |     7 |    18 ||    25
         Ozocubu's Refrige |       |       |       |       |    31 |    68 ||    99
         Animate Dead      |       |       |       |       |       |     1 ||     1
 Invoke: Curse Item        |       |       |     1 |     3 |     4 |     1 ||     9
         Shatter the Chain |       |       |       |       |       |     1 ||     1
Ability: End Transformatio |       |       |       |       |     1 |       ||     1
  Evoke: Wand              |       |       |       |    17 |    32 |     6 ||    55
         Lightning rod     |       |       |       |       |     4 |       ||     4
         Box of beasts     |       |       |       |       |       |     2 ||     2
    Use: Scroll            |       |     6 |     5 |     2 |     7 |    12 ||    32
         Potion            |       |       |     1 |     4 |     6 |    11 ||    22
   Stab: Sleeping          |     4 |     2 |       |       |     1 |     1 ||     8
         Paralysed         |       |       |       |     4 |       |       ||     4
         Distracted        |       |       |       |       |     1 |     3 ||     4
 Armour: Skin              |    13 |    21 |    36 |   248 |   403 |   283 ||  1004
  Dodge: Dodged            |    44 |    64 |   141 |   212 |   480 |   510 ||  1451
  Block: Buckler           |       |       |       |       |     2 |    18 ||    20
